| TOP OF THE 1ST |
|
Batavia Clippers batting - Pitching for Williamsport Greys : RHP Andy Araujo
|
|
Pitching: RHP Andy Araujo
|
|
|
Batting: RHB Greg Tabor
|
0-0: Foul Ball, location: 2F 0-1: Bunted foul 0-2: Ball 1-2: Ball 2-2: SINGLE (Groundball, 4M, EV 108.1 MPH) (infield hit)
|
|
Batting: LHB Mark Bingham
|
0-0: Called Strike 0-1: Ball 1-1: Ball 2-1: Called Strike 2-2: Fly out, F5 (Popup, 56S, EV 86.9 MPH)
|
|
Batting: RHB Glenn Carpenter
|
0-0: Called Strike 0-1: Grounds into double play, 5-4-3 (Groundball, 5, EV 90.0 MPH)
|
| Top of the 1st over - 0 runs, 1 hit, 0 errors, 0 left on base; Batavia 0 - Williamsport 0 |
| BOTTOM OF THE 1ST |
|
Williamsport Greys batting - Pitching for Batavia Clippers : LHP Sidney van den Bulk
|
|
Pitching: LHP Sidney van den Bulk
|
|
|
Batting: RHB Doug Carpenter
|
0-0: Ball 1-0: Swinging Strike 1-1: Swinging Strike 1-2: Ball 2-2: Foul Ball, location: 2F 2-2: Foul Ball, location: 2F 2-2: Ball 3-2: Base on Balls
|
|
Pitching: RHP Martin Sosa
|
|
|
Batting: SHB Chris Howard
|
0-0: Ball Doug Carpenter steals 2nd base (no throw) 1-0: Ball 2-0: Foul Ball, location: 2F 2-1: Foul Ball, location: 2F 2-2: 2-RUN HOME RUN (Flyball, 9D, EV 108.8 MPH), Distance : 393 ft
|
|
Batting: RHB Omar Garcia
|
0-0: Called Strike 0-1: Swinging Strike 0-2: Foul Ball, location: 2F 0-2: Ball 1-2: Foul Ball, location: 2F 1-2: Ground out 4-3 (Groundball, 4, EV 85.0 MPH)
|
|
Batting: RHB Rodney Martin
|
0-0: Ball 1-0: Ball 2-0: Called Strike 2-1: Swinging Strike 2-2: Foul Ball, location: 2F 2-2: Ball 3-2: Foul Ball, location: 2F 3-2: Base on Balls
|
|
Batting: LHB Angel Bayron
|
0-0: Swinging Strike 0-1: Swinging Strike 0-2: Strikes out swinging
|
|
Batting: SHB Edwin Darling
|
0-0: Called Strike 0-1: Fielders Choice at 2nd, 6-4 (Groundball, 6, EV 100.6 MPH)
|
| Bottom of the 1st over - 2 runs, 1 hit, 0 errors, 1 left on base; Batavia 0 - Williamsport 2 |
| TOP OF THE 2ND |
|
Batavia Clippers batting - Pitching for Williamsport Greys : RHP Andy Araujo
|
|
Batting: RHB Mickey Brantley
|
0-0: Foul Ball, location: 2F 0-1: SINGLE (Flyball, 89S, EV 87.5 MPH)
|
|
Batting: RHB Dave Sax
|
0-0: Ball 1-0: Called Strike 1-1: Fielders Choice at 2nd, 3-6 (Groundball, 3, EV 91.3 MPH)
|
|
Batting: LHB Mike Botkin
|
0-0: Called Strike 0-1: Ball 1-1: Ball 2-1: Called Strike 2-2: Ball 3-2: Ground out 4-3 (Groundball, 34, EV 83.8 MPH) Dave Sax to second
|
|
Batting: LHB Scott Miller
|
0-0: Called Strike 0-1: Fly out, F6 (Popup, 6MD, EV 44.4 MPH)
|
| Top of the 2nd over - 0 runs, 1 hit, 0 errors, 1 left on base; Batavia 0 - Williamsport 2 |
| BOTTOM OF THE 2ND |
|
Williamsport Greys batting - Pitching for Batavia Clippers : RHP Martin Sosa
|
|
Batting: RHB Eddie Williams
|
0-0: Ball 1-0: Ball 2-0: Ball 3-0: Called Strike 3-1: Base on Balls
|
|
Batting: RHB Thomas Niemann
|
0-0: Foul Ball, location: 2F 0-1: Ball 1-1: Fly out, F1 (Popup, P, EV 76.9 MPH)
|
|
Batting: RHB Brad Luther
|
0-0: Foul Ball, location: 2F 0-1: Swinging Strike 0-2: Ball 1-2: Foul Ball, location: 2F 1-2: Ball 2-2: Foul Ball, location: 2F 2-2: Ball 3-2: Strikes out looking Eddie Williams steals 2nd base Batter strikes out.
|
|
Batting: RHB Doug Carpenter
|
0-0: Ball 1-0: Ball 2-0: Ball 3-0: Called Strike 3-1: Base on Balls
|
|
Batting: SHB Chris Howard
|
0-0: Ball 1-0: Swinging Strike 1-1: Foul Ball, location: 2F 1-2: Strikes out looking
|
| Bottom of the 2nd over - 0 runs, 0 hits, 0 errors, 2 left on base; Batavia 0 - Williamsport 2 |
| TOP OF THE 3RD |
|
Batavia Clippers batting - Pitching for Williamsport Greys : RHP Andy Araujo
|
|
Batting: RHB Jorge Gonzalez
|
0-0: Called Strike 0-1: Foul Ball, location: 2F 0-2: Ball 1-2: Ball 2-2: Ball 3-2: Ground out 6-3 (Groundball, 6, EV 89.4 MPH)
|
|
Batting: RHB Mark Kuecker
|
0-0: Ball 1-0: Called Strike 1-1: Foul Ball, location: 2F 1-2: SINGLE (Line Drive, 89M, EV 106.3 MPH)
|
|
Batting: RHB Greg Tabor
|
0-0: Fly out, F9 (Flyball, 9S, EV 97.5 MPH)
|
|
Batting: LHB Mark Bingham
|
0-0: SINGLE (Flyball, 89S, EV 91.3 MPH) Mark Kuecker to second Runner from 2nd tries for 3rd, SAFE, no throw by CF
|
|
Batting: RHB Glenn Carpenter
|
0-0: Called Strike 0-1: Ball 1-1: Ball 2-1: Foul Ball, location: 2F 2-2: DOUBLE (Flyball, 78D, EV 92.5 MPH) Mark Kuecker scores Mark Bingham to third Runner from 3rd tries for Home, SAFE, throw by CF to trailing runner, OUT at third! 8-3-5
|
| Top of the 3rd over - 2 runs, 3 hits, 0 errors, 0 left on base; Batavia 2 - Williamsport 2 |
| BOTTOM OF THE 3RD |
|
Williamsport Greys batting - Pitching for Batavia Clippers : RHP Martin Sosa
|
|
Batting: RHB Omar Garcia
|
0-0: Ball 1-0: Called Strike 1-1: Ball 2-1: Ball 3-1: Called Strike 3-2: Strikes out swinging
|
|
Batting: RHB Rodney Martin
|
0-0: Ball 1-0: Ball 2-0: Foul Ball, location: 2F 2-1: Ball 3-1: Swinging Strike 3-2: Strikes out looking
|
|
Batting: LHB Angel Bayron
|
0-0: Fly out, F9 (Line Drive, 9D, EV 104.4 MPH)
|
| Bottom of the 3rd over - 0 runs, 0 hits, 0 errors, 0 left on base; Batavia 2 - Williamsport 2 |
| TOP OF THE 4TH |
|
Batavia Clippers batting - Pitching for Williamsport Greys : RHP Andy Araujo
|
|
Batting: RHB Mickey Brantley
|
0-0: Called Strike 0-1: Called Strike 0-2: Foul Ball, location: 2F 0-2: Ground out 6-3 (Groundball, 6, EV 83.8 MPH)
|
|
Batting: RHB Dave Sax
|
0-0: Called Strike 0-1: Ball 1-1: Ball 2-1: Foul Ball, location: 2F 2-2: Foul Ball, location: 2F 2-2: Fly out, F4 (Popup, 3D, EV 68.1 MPH)
|
|
Batting: LHB Mike Botkin
|
0-0: Called Strike 0-1: Foul Ball, location: 2F 0-2: Ball 1-2: Ball 2-2: Fly out, F7 (Flyball, 7LS, EV 90.6 MPH)
|
| Top of the 4th over - 0 runs, 0 hits, 0 errors, 0 left on base; Batavia 2 - Williamsport 2 |
| BOTTOM OF THE 4TH |
|
Williamsport Greys batting - Pitching for Batavia Clippers : RHP Martin Sosa
|
|
Batting: SHB Edwin Darling
|
0-0: Ball 1-0: Foul Ball, location: 2F 1-1: Fly out, F3 (Popup, 3SF, EV 76.3 MPH)
|
|
Batting: RHB Eddie Williams
|
0-0: Ball 1-0: Swinging Strike 1-1: Fly out, F5 (Line Drive, 5, EV 62.5 MPH)
|
|
Batting: RHB Thomas Niemann
|
0-0: Ball 1-0: Ground out 6-3 (Groundball, 6, EV 78.1 MPH)
|
| Bottom of the 4th over - 0 runs, 0 hits, 0 errors, 0 left on base; Batavia 2 - Williamsport 2 |
| TOP OF THE 5TH |
|
Batavia Clippers batting - Pitching for Williamsport Greys : RHP Andy Araujo
|
|
Batting: LHB Scott Miller
|
0-0: Called Strike 0-1: Ball 1-1: Ball 2-1: Ball 3-1: Base on Balls
|
|
Batting: RHB Jorge Gonzalez
|
0-0: Sac Bunt to 25 - play at first, batter OUT! 5-3 Scott Miller to second
|
|
Batting: RHB Mark Kuecker
|
0-0: Ball 1-0: Ball 2-0: Called Strike 2-1: Swinging Strike 2-2: Ground out 1-3 (Groundball, 13S, EV 68.8 MPH) Scott Miller to third
|
|
Batting: RHB Greg Tabor
|
0-0: Ball 1-0: Swinging Strike 1-1: Called Strike 1-2: Reached on error, E5 (Groundball, 5L, EV 104.4 MPH) Scott Miller scores
|
|
Batting: LHB Mark Bingham
|
0-0: Called Strike 0-1: Ground out 4-3 (Groundball, 4, EV 80.6 MPH)
|
| Top of the 5th over - 1 run, 0 hits, 1 error, 1 left on base; Batavia 3 - Williamsport 2 |
| BOTTOM OF THE 5TH |
|
Williamsport Greys batting - Pitching for Batavia Clippers : RHP Martin Sosa
|
|
Batting: RHB Brad Luther
|
0-0: Called Strike 0-1: Called Strike 0-2: Ball 1-2: SINGLE (Groundball, 6MD, EV 103.8 MPH)
|
|
Pitching: RHP Gumercindo Diaz
|
|
|
Batting: RHB Doug Carpenter
|
0-0: Called Strike 0-1: Ball 1-1: Ball 2-1: Swinging Strike 2-2: Ball 3-2: Foul Ball, location: 2F 3-2: Base on Balls Brad Luther to second
|
|
Batting: SHB Chris Howard
|
0-0: Sac Bunt to 15 - play at first, batter OUT! 1-3 Brad Luther to third Doug Carpenter to second
|
|
Batting: RHB Omar Garcia
|
0-0: Ball 1-0: Ground out 6-3 (Groundball, 6, EV 90.6 MPH)
|
|
Batting: RHB Rodney Martin
|
0-0: SINGLE (Line Drive, 8LS, EV 99.4 MPH) Brad Luther scores Doug Carpenter to third Runner from 3rd tries for Home, SAFE, throw by CF to home
|
|
Batting: LHB Angel Bayron
|
0-0: Swinging Strike 0-1: Ground out 5-3 (Groundball, 56, EV 86.3 MPH)
|
| Bottom of the 5th over - 2 runs, 2 hits, 0 errors, 1 left on base; Batavia 3 - Williamsport 4 |
| TOP OF THE 6TH |
|
Batavia Clippers batting - Pitching for Williamsport Greys : RHP Andy Araujo
|
|
Batting: RHB Glenn Carpenter
|
0-0: Swinging Strike 0-1: Ball 1-1: Ball 2-1: Ball 3-1: Base on Balls
|
|
Batting: RHB Mickey Brantley
|
0-0: Ball 1-0: Ball 2-0: Called Strike 2-1: Foul Ball, location: 2F 2-2: Ball 3-2: Base on Balls Glenn Carpenter to second
|
|
Batting: RHB Dave Sax
|
0-0: Ball 1-0: Fly out, F8 (Flyball, 89XD, EV 76.3 MPH) Runner from 2nd tags up, SAFE at 3rd, no throw by CF
|
|
Batting: LHB Mike Botkin
|
0-0: Ball 1-0: Called Strike 1-1: Foul Ball, location: 2F 1-2: Ball 2-2: Ball 3-2: Fly out, F7 (Flyball, 7, EV 90.6 MPH) Runner from 3rd tags up, SCORES, throw by LF
|
|
Batting: LHB Scott Miller
|
0-0: Ball 1-0: Ball 2-0: Fly out, F7 (Flyball, 7LM, EV 88.8 MPH)
|
| Top of the 6th over - 1 run, 0 hits, 0 errors, 1 left on base; Batavia 4 - Williamsport 4 |
| BOTTOM OF THE 6TH |
|
Williamsport Greys batting - Pitching for Batavia Clippers : RHP Gumercindo Diaz
|
|
Batting: SHB Edwin Darling
|
0-0: Ball 1-0: Ball 2-0: Called Strike 2-1: Foul Ball, location: 2F 2-2: Ball 3-2: Ground out 6-3 (Groundball, 6, EV 86.9 MPH)
|
|
Batting: RHB Eddie Williams
|
0-0: Ball 1-0: Foul Ball, location: 2F 1-1: Ball 2-1: Ground out 2-3 (Groundball, 2L, EV 65.6 MPH)
|
|
Batting: RHB Thomas Niemann
|
0-0: Called Strike 0-1: Ground out 6-3 (Groundball, 6, EV 89.4 MPH)
|
| Bottom of the 6th over - 0 runs, 0 hits, 0 errors, 0 left on base; Batavia 4 - Williamsport 4 |
| TOP OF THE 7TH |
|
Batavia Clippers batting - Pitching for Williamsport Greys : RHP Andy Araujo
|
|
Batting: RHB Jorge Gonzalez
|
0-0: Ball 1-0: Ball 2-0: Ball 3-0: Called Strike 3-1: Foul Ball, location: 2F 3-2: SINGLE (Groundball, 4MD, EV 98.1 MPH)
|
|
Pitching: LHP Antonio Chavez
|
|
|
Batting: RHB Mark Kuecker
|
0-0: Ball 1-0: Ball 2-0: Swinging Strike 2-1: Swinging Strike 2-2: Foul Ball, location: 2F 2-2: Strikes out swinging
|
|
Batting: RHB Greg Tabor
|
0-0: Ball 1-0: Ball 2-0: Swinging Strike 2-1: Foul Ball, location: 2F 2-2: Ball 3-2: Strikes out swinging
|
|
Batting: LHB Mark Bingham
|
0-0: Ball 1-0: Ball 2-0: DOUBLE (Line Drive, 3D, EV 94.4 MPH) Jorge Gonzalez to third Runner from 3rd tries for Home, SAFE, throw by RF to home
|
|
Batting: RHB Glenn Carpenter
|
0-0: Foul Ball, location: 2F 0-1: 2-RUN HOME RUN (Flyball, 7D, EV 95.6 MPH), Distance : 365 ft
|
|
Batting: RHB Mickey Brantley
|
0-0: Ball 1-0: Ball 2-0: Ball 3-0: Base on Balls
|
|
Batting: RHB Dave Sax
|
0-0: Ball 1-0: Swinging Strike 1-1: Ball 2-1: Fly out, F9 (Flyball, 9S, EV 88.1 MPH)
|
| Top of the 7th over - 3 runs, 3 hits, 0 errors, 1 left on base; Batavia 7 - Williamsport 4 |
| BOTTOM OF THE 7TH |
|
Williamsport Greys batting - Pitching for Batavia Clippers : RHP Gumercindo Diaz
|
|
Batting: RHB Brad Luther
|
0-0: Swinging Strike 0-1: Fly out, F7 (Flyball, 7S, EV 73.8 MPH)
|
|
Batting: RHB Doug Carpenter
|
0-0: Called Strike 0-1: Ball 1-1: Foul Ball, location: 2F 1-2: Foul Ball, location: 2F 1-2: Foul Ball, location: 2F 1-2: Ball 2-2: Ball 3-2: Foul Ball, location: 2F 3-2: Fly out, F8 (Line Drive, 8RD, EV 83.8 MPH)
|
|
Batting: SHB Chris Howard
|
0-0: Ball 1-0: Ball 2-0: Ball 3-0: Called Strike 3-1: Ground out 5-3 (Groundball, 56S, EV 70.0 MPH)
|
| Bottom of the 7th over - 0 runs, 0 hits, 0 errors, 0 left on base; Batavia 7 - Williamsport 4 |
| TOP OF THE 8TH |
|
Batavia Clippers batting - Pitching for Williamsport Greys : LHP Antonio Chavez
|
|
Batting: LHB Mike Botkin
|
0-0: Foul Ball, location: 2F 0-1: Ball 1-1: Called Strike 1-2: Foul Ball, location: 2F 1-2: Ball 2-2: Ball 3-2: SINGLE (Groundball, 34D, EV 101.9 MPH)
|
|
Batting: LHB Scott Miller
|
0-0: Fielders Choice at 2nd, 3-6 (Groundball, 3, EV 101.9 MPH)
|
|
Batting: RHB Jorge Gonzalez
|
0-0: Ground out U3 (Groundball, 23, EV 76.3 MPH) Scott Miller to second
|
|
Batting: RHB Mark Kuecker
|
0-0: Ball 1-0: Ground out 4-3 (Groundball, 4, EV 101.3 MPH)
|
| Top of the 8th over - 0 runs, 1 hit, 0 errors, 1 left on base; Batavia 7 - Williamsport 4 |
| BOTTOM OF THE 8TH |
|
Williamsport Greys batting - Pitching for Batavia Clippers : RHP Gumercindo Diaz
|
|
Pitching: RHP Robert Alevizos
|
|
|
Batting: RHB Omar Garcia
|
0-0: Called Strike 0-1: Ball 1-1: Swinging Strike 1-2: Ball 2-2: Foul Ball, location: 2F 2-2: Fly out, F8 (Line Drive, 8RD, EV 97.5 MPH)
|
|
Batting: RHB Rodney Martin
|
0-0: Called Strike 0-1: Called Strike 0-2: Strikes out swinging, 2-3 out at first.
|
|
Batting: LHB Angel Bayron
|
0-0: Ball 1-0: Foul Ball, location: 2F 1-1: Foul Ball, location: 2F 1-2: Ground out U3 (Groundball, 3, EV 87.5 MPH)
|
| Bottom of the 8th over - 0 runs, 0 hits, 0 errors, 0 left on base; Batavia 7 - Williamsport 4 |
| TOP OF THE 9TH |
|
Batavia Clippers batting - Pitching for Williamsport Greys : LHP Antonio Chavez
|
|
Batting: RHB Greg Tabor
|
0-0: Called Strike 0-1: Swinging Strike 0-2: Ball 1-2: Ball 2-2: Fly out, F9 (Flyball, 89S, EV 73.8 MPH)
|
|
Batting: LHB Mark Bingham
|
0-0: Ball 1-0: Called Strike 1-1: Called Strike 1-2: Ball 2-2: Foul Ball, location: 2F 2-2: Ball 3-2: Strikes out swinging
|
|
Batting: RHB Glenn Carpenter
|
0-0: Ground out 5-3 (Groundball, 56, EV 83.8 MPH)
|
| Top of the 9th over - 0 runs, 0 hits, 0 errors, 0 left on base; Batavia 7 - Williamsport 4 |
| BOTTOM OF THE 9TH |
|
Williamsport Greys batting - Pitching for Batavia Clippers : RHP Robert Alevizos
|
|
Batting: SHB Edwin Darling
|
0-0: Ball 1-0: Foul Ball, location: 2F 1-1: Foul Ball, location: 2F 1-2: Ball 2-2: Ball 3-2: Foul Ball, location: 2F 3-2: Foul Ball, location: 2F 3-2: Fly out, F9 (Flyball, 9D, EV 109.4 MPH)
|
|
Batting: RHB Eddie Williams
|
0-0: Ball 1-0: Foul Ball, location: 2F 1-1: Ball 2-1: Ball 3-1: TRIPLE (Line Drive, 9LD, EV 100.0 MPH)
|
|
Batting: RHB Thomas Niemann
|
0-0: Foul Ball, location: 2F 0-1: Ball 1-1: Ball 2-1: Ball 3-1: Base on Balls
|
|
Pitching: RHP Stephen Golden
|
|
|
Pinch Hitting: LHB Bobby Buchanon
|
0-0: Ball 1-0: SINGLE (Flyball, 8LS, EV 93.1 MPH) Eddie Williams scores Thomas Niemann to second
|
|
Batting: RHB Doug Carpenter
|
0-0: Foul Ball, location: 2F 0-1: Grounds into double play, 5-4-3 (Groundball, 56, EV 105.6 MPH)
|
| Bottom of the 9th over - 1 run, 2 hits, 0 errors, 1 left on base; Batavia 7 - Williamsport 5 |
|